 Dungeon Crawl Stone Soup version 0.29.1-2-gbd0b4ee654 (webtiles) character file.

Game seed: 7403331969661460143

6430 kyanize the Basher (level 10, -3/91 HPs)
             Began as a Minotaur Berserker on Nov 13, 2022.
             Was a High Priest of Trog.
             Slain by a hornet (12 damage)
             ... while paralysed by a hornet
             ... on level 9 of the Dungeon.
             The game lasted 00:31:49 (7480 turns).

kyanize the Basher (Minotaur Berserker)             Turns: 7480, Time: 00:31:50

Health: -3/91      AC: 14    Str: 32    XL:     10   Next: 67%
Magic:  9/9        EV:  2    Int:  4    God:    Trog [*****.]
Gold:   650        SH:  0    Dex: 16    Spells: 9/9 levels left

rFire   . . .      SeeInvis .   G - +2 whip (venom)
rCold   . . .      Faith    .   t - +0 kite shield
rNeg    . . .      Spirit   .   o - +0 plate armour
rPois   .          Reflect  .   (helmet restricted)
rElec   .          Harm     .   (no cloak)
rCorr   .          Rampage  .   (no gloves)
Will    ++...      Clarity  +   (no boots)
Stlth   ..........              u - amulet of regeneration
HPRegen 2.05/turn               p - +6 ring of strength
MPRegen 0.11/turn               y - +6 ring of dexterity

@: paralysed, lethally poisoned (-3 -> -3), strong-willed, regenerating, slowed
A: horns 2, retaliatory headbutt, clarity
a: Renounce Religion, Berserk, Trog's Hand, Brothers in Arms


You were on level 9 of the Dungeon.
You worshipped Trog.
Trog was extremely pleased with you.
You visited 1 branch of the dungeon, and saw 9 of its levels.
You also visited: Ossuary.

You collected 650 gold pieces.

Inventory:

Hand Weapons
 a - a +2 mace
 f - a +0 dagger of holy wrath
 k - a +3 flail of venom
 v - a +1 hand axe of electrocution
 F - a +0 short sword of venom
 G - a +2 whip of venom (weapon)
 H - a +2 hand axe of venom
 K - a +0 short sword
Missiles
 h - 107 stones (quivered)
 m - 39 poisoned darts
 r - 2 boomerangs
Armour
 d - a +1 leather armour
 n - a +0 ring mail
 o - a +0 plate armour (worn)
 t - a +0 kite shield (worn)
Magical Staves
 l - a staff of death
Jewellery
 p - a +6 ring of strength (left hand)
 u - an amulet of regeneration (around neck)
 y - a +6 ring of dexterity (right hand)
 I - the ring of the Last Deaths {*Corrode rPois rC+ EV+4 Int+2}
   (You found it on level 8 of the Dungeon)

   [ring of evasion]

   EV:        It affects your evasion (+4).
   Int:       It affects your intelligence (+2).
   rC:        It protects you from cold.
   rPois:     It protects you from poison.
   *Corrode:  It may corrode you when you take damage.
Wands
 i - a wand of charming (14)
 J - a wand of polymorph (5)
Scrolls
 c - 2 scrolls of noise
 e - 3 scrolls of fear
 q - 8 scrolls of identify
 s - 2 scrolls of fog
 x - 6 scrolls of teleportation
 C - a scroll of poison
 D - a scroll of vulnerability
 E - a scroll of amnesia
Potions
 b - a potion of degeneration
 g - 6 potions of haste
 j - 6 potions of curing
 w - a potion of lignification
 z - a potion of magic
 A - a potion of attraction
 B - 4 potions of mutation
 L - a potion of resistance


   Skills:
 + Level 9.0 Fighting
 + Level 11.9 Maces & Flails
 + Level 10.3 Armour
 + Level 3.7 Dodging
 + Level 1.5 Stealth
 + Level 8.1 Shields


You had 9 spell levels left.
You didn't know any spells.
Your spell library contained the following spells:

 Spells                   Type           Power      Damage    Failure   Level
 Sting                    Tmut/Pois      0%         1d3       100%        1
 Summon Small Mammal      Summ           0%         N/A       100%        1
 Blink                    Tloc           0%         N/A       100%        2
 Ensorcelled Hibernation  Hex/Ice        0%         N/A       100%        2
 Passwall                 Tmut/Erth      0%         N/A       100%        2
 Poisonous Vapours        Pois/Air       0%         N/A       100%        2
 Static Discharge         Conj/Air       0%         3-3/arc   100%        2
 Call Canine Familiar     Summ           0%         N/A       100%        3
 Gell's Gravitas          Tloc           0%         N/A       100%        3
 Lesser Beckoning         Tloc           0%         N/A       100%        3
 Summon Guardian Golem    Hex/Summ       0%         N/A       100%        3
 Swiftness                Air            0%         N/A       100%        3
 Teleport Other           Tloc           0%         N/A       100%        3
 Dispel Undead            Necr           0%         3d6       100%        4
 Olgreb's Toxic Radiance  Pois           0%         N/A       100%        4
 Sticky Flame             Conj/Fire      0%         2d3       100%        4
 Manifold Assault         Tloc           0%         N/A       100%        5


Dungeon Overview and Level Annotations

Branches:
Dungeon (9/15)             Temple (0/1) D:6         Ossuary (visited)
   Lair: D:8-11         Orc: D:9-12

Altars:
Hepliaklqana
Kikubaaqudgha
Makhleb
Trog
Vehumet
Xom
Yredelemnul
Zin
The Shining One


Innate Abilities, Weirdness & Mutations

You have a pair of horns on your head.
You reflexively headbutt those who attack you in melee.
You possess an exceptional clarity of mind.


Message History

You whack the centaur warrior!
The centaur warrior looks as sick as possible!
The centaur warrior is heavily wounded.
You feel sick. You block the bullfrog's attack. The hornet barely misses you.
The centaur warrior hits you! The centaur warrior kicks you.
* * * LOW HITPOINT WARNING * * *
You barely miss the centaur warrior.
The centaur warrior is heavily wounded.
You feel yourself speed up.
You feel sick.
The bullfrog hits you but does no damage.
The hornet stings you but does no damage.
You block the centaur warrior's attack.
The centaur warrior kicks you but does no damage.
The bullfrog hits you but does no damage.
The hornet stings you but does no damage.
The centaur warrior closely misses you. You block the centaur warrior's attack.
You whack the centaur warrior!
The centaur warrior looks as sick as possible!
You headbutt the centaur warrior.
The centaur warrior is almost dead.
You feel sick. You block the bullfrog's attack. You block the hornet's attack.
You hit the centaur warrior.
The centaur warrior looks as sick as possible!
You headbutt the centaur warrior.
You kill the centaur warrior!
Trog accepts your kill.
You feel sick.
The bullfrog hits you but does no damage.
The hornet stings you!
* * * LOW HITPOINT WARNING * * *
You suddenly lose the ability to move!
Your Fighting skill increases to level 9!
Your Shields skill increases to level 8!
You feel sick. The hornet stings you!
* * * LOW HITPOINT WARNING * * *
You feel yourself slow down.
The bullfrog hits you but does no damage.
You feel sick. The hornet stings you!
You die...

..#,**,,,**,#.........#,**,* *,*
..#,*,,,,,*,#.........#,**,* *,*
..#,*,,*,,*,#.........#,*#,* *,*
..#,*,,,,,*,#.........#,*#.* *,*
†.#,**,,,,*,#...[.....#.*#.* *,*
..#,,*****,,#.........#.##.###*,*
..#*,,,,,,,*#.........#......##,*
..#****,****#####)#####,..>...,,.
..#,,,,,,,,,**,#@#)#,*#.##.#.##.#
..#,,,,*,,,,#.[)Fy....#.#........
..#,,*,,,*,,##.#.#.#.##.#..#.##.#
..#,,,,,,,,,#.........#......#*,*
#.#,*,,,,,*..#,#.#.#.##.#....#*,*
#.#,,,,,,,..#,,.......#.#....#*,*
#.#,,*,,,#..**,#.#.#,##.#....##,*
#.#,,,,*,..,*,,...,,,,#.......###
#.#,,,,,,,,,**,*,*,*,*#.##.......


You could see a hornet and a bullfrog.

Vanquished Creatures
  2 two-headed ogres (D:9)
  A centaur warrior (D:9)
  A wyvern (D:9)
  4 yaks (D:9)
  A water moccasin (D:7)
  A black bear (D:6)
  3 orc warriors
  2 ice beasts
  An ogre (D:5)
  A sky beast (D:8)
  6 centaurs
  5 kobold brigands
  2 necrophages (D:6)
  3 bullfrogs
  3 elf zombies (Ossuary)
  2 scorpions
  7 wights
  2 killer bees (D:9)
  2 howler monkeys
  A centaur zombie (D:5)
  2 bullfrog zombies (D:5)
  3 human zombies
  2 jellies (D:5)
  4 orc priests
  4 hounds
  5 orc wizards
  4 iguanas
  A scorpion zombie (D:5)
  A killer bee zombie (D:5)
  8 mummies
  2 hound zombies (Ossuary)
  Robin (D:4)
  4 gnolls
  5 adders
  A shadow imp (D:7)
  2 white imps
  An ufetubus (D:5)
  An adder zombie (Ossuary)
  A worm (D:2)
  3 dart slugs
  13 orcs
  2 ball pythons
  6 endoplasms
  5 giant cockroaches
  A gnoll zombie (Ossuary)
  16 goblins
  6 hobgoblins
  3 jackals (D:1)
  17 kobolds
  10 quokkas
  9 bats
  4 frilled lizards
  A hobgoblin zombie (Ossuary)
  A kobold zombie (Ossuary)
  5 rats
  A rat zombie (Ossuary)
205 creatures vanquished.

Vanquished Creatures (others)
  An orc wizard (D:9)
1 creature vanquished.

Grand Total: 206 creatures vanquished

Notes
Turn   | Place    | Note
-------+----------+-------------------------------------------
     0 | D:1      | kyanize the Minotaur Berserker began the quest for the Orb.
     0 | D:1      | Reached XP level 1. HP: 19/19 MP: 0/0
    46 | D:1      | Found a faded altar of an unknown god.
   307 | D:1      | Reached skill level 4 in Maces & Flails
   335 | D:1      | Reached XP level 2. HP: 27/27 MP: 1/1
   852 | D:2      | Reached XP level 3. HP: 33/33 MP: 2/2
   862 | D:2      | Reached ** piety under Trog
  1804 | D:3      | Reached XP level 4. HP: 40/40 MP: 3/3
  2397 | D:3      | Reached skill level 5 in Maces & Flails
  2684 | D:4      | Noticed Robin
  2694 | D:4      | Killed Robin
  2695 | D:4      | Reached XP level 5. HP: 47/47 MP: 4/4
  2706 | D:4      | Reached *** piety under Trog
  2914 | D:4      | Reached skill level 1 in Stealth
  2921 | D:4      | Reached skill level 6 in Maces & Flails
  2996 | D:4      | Found a radiant altar of Vehumet.
  3024 | D:4      | Reached XP level 6. HP: 55/55 MP: 5/5
  3068 | D:4      | Found a hazy altar of Hepliaklqana.
  3127 | D:4      | Reached skill level 5 in Fighting
  3255 | D:4      | Found a bloodstained altar of Trog.
  3581 | D:5      | Entered Level 5 of the Dungeon
  4027 | D:5      | Reached XP level 7. HP: 54/61 MP: 6/6
  4202 | D:5      | Gained mutation: You possess an exceptional clarity of
                  | mind. [potion of mutation]
  4220 | D:5      | Reached skill level 5 in Armour
  4245 | D:5      | Found a basalt altar of Yredelemnul.
  4269 | D:5      | Reached skill level 1 in Shields
  4277 | D:5      | Reached skill level 7 in Maces & Flails
  4753 | D:6      | Reached **** piety under Trog
  4754 | D:6      | Reached XP level 8. HP: 61/69 MP: 7/7
  4852 | D:6      | Found a staircase to the Ecumenical Temple.
  4858 | D:6      | Reached skill level 8 in Maces & Flails
  4878 | D:6      | Found a burning altar of Makhleb.
  4878 | D:6      | Found a glowing golden altar of the Shining One.
  4878 | D:6      | Found a glowing silver altar of Zin.
  5115 | D:6      | Found an ancient bone altar of Kikubaaqudgha.
  5212 | D:6      | Identified the +0 leather armour of the Lich-sworn {rC+
                  | Int+5}
  5345 | D:6      | You fall into a shaft and drop 1 floor!
  5431 | D:7      | Found a sand-covered staircase.
  5436 | Ossuary  | Entered an ossuary
  5459 | Ossuary  | Reached skill level 9 in Maces & Flails
  5723 | D:7      | Reached XP level 9. HP: 68/75 MP: 8/8
  6051 | D:7      | Reached skill level 5 in Shields
  6071 | D:7      | Found a shimmering altar of Xom.
  6300 | D:8      | Reached skill level 10 in Maces & Flails
  6395 | D:8      | Reached ***** piety under Trog
  6461 | D:8      | Identified the ring of the Last Deaths {*Corrode rPois rC+
                  | EV+4 Int+2}
  7131 | D:9      | Found Osyo's Jewellery Emporium.
  7312 | D:9      | Reached skill level 11 in Maces & Flails
  7317 | D:9      | Reached XP level 10. HP: 67/88 MP: 9/9
  7357 | D:9      | Noticed a two-headed ogre
  7363 | D:9      | Killed a two-headed ogre
  7422 | D:9      | Noticed a two-headed ogre
  7444 | D:9      | Killed a two-headed ogre
  7457 | D:9      | Reached skill level 10 in Armour
  7464 | D:9      | Noticed a centaur warrior
  7478 | D:9      | Killed a centaur warrior
  7478 | D:9      | Paralysed by a hornet for 2 turns
  7480 | D:9      | Slain by a hornet

Illustrated notes

Levels and vault maps discovered:
D:1:      minmay_arrival_diagonal_passages, layout_rooms,
          dreamdust_ecumenical_altar_statues
D:2:      layout_basic
D:3:      minmay_chambers_of_twos, layout_loops_ring
D:4:      layout_rooms, mainiacjoe_overflow_alcove_2,
          mainiacjoe_overflow_alcove_4, mainiacjoe_overflow_cross_hatched,
          grunt_decor_junction, minmay_misc_feat_chi, minmay_quantized,
          uniq_robin
D:5:      layout_basic, lemuel_mausoleum_altar_yredelemnul, cheibrodos_gnoll_hut
D:6:      layout_basic, chequers_temple_overflow_statue_of_worship,
          general_overflow_altar, minmay_temple_entry_large_hall
D:7:      layout_basic, mainiacjoe_overflow_six_doors_small, enter_ossuary_5
D:8:      layout_basic
D:9:      layout_basic, serial_shops, nicolae_stop_n_shop_1, minmay_the_grid_2x2
          [minmay_the_grid_empty, minmay_the_grid_minigrid_small_alt,
          minmay_the_grid_pillar_ring, minmay_the_grid_prize_inner_circle]

Skill      XL: |  1  2  3  4  5  6  7  8  9 10 |
---------------+-------------------------------+-----
Maces & Flails | 4 5 6 7 9 11 | 11.9
Fighting       | 4 5 6 8 9 |  9.0
Armour         | 3 4 6 7 9 10 | 10.3
Dodging        | 3 |  3.7
Stealth        | 1 |  1.5
Shields        | 2 4 6 8 |  8.1

Action                   |  1- 3 |  4- 6 |  7- 9 | 10-12 || total
-------------------------+-------+-------+-------+-------++-------
Melee: Mace              |    79 |    89 |   340 |       ||   508
       Headbutt          |    12 |    22 |    88 |    18 ||   140
       Punch             |     2 |       |       |       ||     2
       Flail             |       |    28 |       |       ||    28
       Whip              |       |       |    33 |    54 ||    87
Invok: Berserk           |       |     2 |       |     1 ||     3
       Trog's Hand       |       |       |     7 |     2 ||     9
  Use: Scroll            |     8 |     6 |     3 |       ||    17
       Potion            |     6 |     3 |     3 |       ||    12
 Stab: Sleeping          |     1 |       |       |       ||     1
Armor: Animal skin       |     4 |       |       |       ||     4
       Leather armour    |    14 |     8 |       |       ||    22
       Plate armour      |       |    51 |   223 |    30 ||   304
Dodge: Dodged            |    48 |    51 |   113 |    18 ||   230
Block: Kite shield       |       |    20 |   158 |    29 ||   207
